 Dungeon Crawl Stone Soup version 0.18-a0-1071-g9f02aef (webtiles) character file.

159 MrRokkomies the Skirmisher (level 5, -2/35 HPs)
             Began as a Gargoyle Fighter on Jan 14, 2016.
             Was an Initiate of Gozag.
             Killed by divine providence
             ... invoked by an orc priest
              (10 damage)
             ... on level 4 of the Dungeon.
             The game lasted 00:05:41 (2290 turns).

MrRokkomies the Skirmisher (Gargoyle Fighter)       Turns: 2290, Time: 00:05:41

Health: -2/35      AC: 12    Str: 20    XL:     5   Next: 40%
Magic:  5/5        EV:  9    Int:  8    God:    Gozag
Gold:   292        SH:  4    Dex: 10    Spells: 0 memorised, 4 levels left

rFire  . . .     SeeInvis .     a - +0 flail
rCold  . . .     Gourm    .     b - +1 scale mail
rNeg   + . .     Faith    .     h - +0 buckler
rPois  ∞         Spirit   .     (no helmet)
rElec  +         Dismiss  .     (no cloak)
rCorr  .         Reflect  .     (no gloves)
SustAt .         Harm     .     (no boots)
MR     .....                    (no amulet)
Stlth  ..........               (no ring)
                                (no ring)

@: not resistant to hostile enchantments, extremely unstealthy
A: negative energy resistance 1, electricity resistance, unbreathing,
petrification resistance, rot immunity, AC +4
a: Potion Petition, Call Merchant, Bribe Branch, Renounce Religion


You were on level 4 of the Dungeon.
You worshipped Gozag.
Gozag was noncommittal.
You were not hungry.

You visited 1 branch of the dungeon, and saw 4 of its levels.

You collected 308 gold pieces.
You paid 16 gold pieces to Gozag.

Inventory:

Hand Weapons
 a - a +0 flail (weapon)
 g - a +0 dagger of venom
Missiles
 j - 2 javelins (quivered)
Armour
 b - a +1 scale mail (worn)
 c - a +0 shield
 h - a +0 buckler (worn)
Scrolls
 i - a scroll of teleportation
 k - 3 scrolls of identify
 l - 2 scrolls of remove curse {unknown}
Potions
 d - a potion of might
 e - a potion of curing
 m - a potion of brilliance {unknown}
 n - 2 potions of experience {unknown}
 o - 2 potions of resistance {unknown}
Comestibles
 f - 2 bread rations


   Skills:
 - Level 5.1 Fighting
 * Level 2.8 Maces & Flails
 * Level 4.0 Armour
 - Level 4.0 Shields


You had 4 spell levels left.
You didn't know any spells.

Dungeon Overview and Level Annotations

Branches:
Dungeon (4/15)
 Temple: D:4-7

Altars:
Gozag
The Shining One

Shops:
D:4 ?

Annotations:
D:3 Starbucks's ghost, amateur FoFi


Innate Abilities, Weirdness & Mutations

You are resistant to torment.
Your stone body is resilient (AC +4).
You are immune to poison.
You resist negative energy.
You are resistant to electric shocks.
You can survive without breathing.
You are immune to petrification.
You are immune to rotting.


Message History

You closely miss the orc.
The orc priest mumbles some strange prayers to Beogh against you.
Something smites you!
* * * LOW HITPOINT WARNING * * *
The orc hits you with a short sword.
* * * LOW HITPOINT WARNING * * *
You sock the orc!
You kill the orc!
You hit the orc priest.
The orc priest is heavily wounded.
You block the orc priest's attack.
Your scale mail prevents you from hitting the orc priest.
The orc priest is heavily wounded.
The orc priest hits you but does no damage.
You closely miss the orc priest.
The orc priest is heavily wounded.
The orc priest invokes the aid of Beogh against you.
Something smites you!
You die...
Your body crumbles into a pile of gold.

.#.#.##..#...# #.#..#
....(........# #.#..#
..#..#>..#..#####.#<.#
#...#.#.#\..........#
..#.##..#.#..#####.#[##
..>.......##.# #.#.#
..#.##$.####.. #$#..#
#$#.#o# #### .....
..##@# ###.## #.# #.#
.# ........# .#
#........ .# #...###.##
#. ... (.. ## #.# #.#
#.#


You could see an orc priest.

Vanquished Creatures
  A hound (D:4)
  3 adders
  3 oozes
  4 worms
  10 orcs
  3 giant cockroaches
  9 goblins
  5 hobgoblins (D:1)
  9 kobolds
  7 bats
  4 giant newts
  10 rats
68 creatures vanquished.

Notes
Turn   | Place    | Note
--------------------------------------------------------------
     0 | D:1      | MrRokkomies the Gargoyle Fighter began the quest for the Orb.
     0 | D:1      | Reached XP level 1. HP: 14/14 MP: 1/1
   251 | D:1      | Reached XP level 2. HP: 18/20 MP: 2/2
   437 | D:1      | Reached skill level 4 in Fighting
   554 | D:1      | Reached XP level 3. HP: 24/24 MP: 3/3
  1372 | D:2      | Found an opulent altar of Gozag.
  1383 | D:2      | Became a worshipper of Gozag Ym Sagoz the Greedy
  1442 | D:2      | Reached XP level 4. HP: 28/30 MP: 4/4
  1634 | D:3      | Reached skill level 5 in Fighting
  1959 | D:3      | Found a glowing golden altar of the Shining One.
  2119 | D:3      | Noticed Starbucks's ghost (amateur FoFi)
  2243 | D:4      | Found Patimn's Magic Scroll Emporium.
  2267 | D:4      | Reached XP level 5. HP: 32/35 MP: 5/5
  2290 | D:4      | Killed from afar by an orc priest

Vault maps used:
D:1:      lemuel_arrival_hallway
D:2:      grunt_gozag_statues
D:3:      lemuel_doored_altar, minitemple, first_bread
D:4:      serial_shops, shop

Action                   |  1- 3 |  4- 6 || total
-------------------------+-------+-------++-------
Melee: Flail             |   148 |   121 ||   269
  Use: Scroll            |     4 |       ||     4
  Eat: Chunk             |     2 |       ||     2
       Meat ration       |       |     1 ||     1
